 Dungeon Crawl Stone Soup version 0.30-a0-509-gd016549fea (webtiles) character file.

Game seed: 14094581678664708050

3770 Jackthecabe the Destroyer (level 9, -2/67 HPs)
             Began as a Demigod Conjurer on Dec 22, 2022.
             Shot with an arrow by a centaur (12 damage)
             ... on level 8 of the Dungeon.
             The game lasted 00:16:53 (10354 turns).

Jackthecabe the Destroyer (Demigod Conjurer)       Turns: 10354, Time: 00:16:54

Health: -2/67      AC:  4    Str:  8    XL:     9   Next: 63%
Magic:  16/18      EV: 12    Int: 38    God:
Gold:   432        SH:  0    Dex: 12    Spells: 3/16 levels left

rFire   + . .      SeeInvis .    (no weapon)
rCold   . . .      Faith    .    (no shield)
rNeg    . . .      Spirit   .    i - +0 robe {rF+}
rPois   .          Reflect  .    p - +0 helmet
rElec   .          Harm     .    n - +0 cloak
rCorr   .          Rampage  .    (no gloves)
Will    .....                    (no boots)
Stlth   ++........               (no amulet)
HPRegen 0.31/turn                I - +6 ring of intelligence
MPRegen 0.16/turn                (no ring)

@: no status effects
A: high MP 1, forlorn, divine attributes
a: no special abilities


You were on level 8 of the Dungeon.
You visited 1 branch of the dungeon, and saw 8 of its levels.

You collected 432 gold pieces.


Innate Abilities, Weirdness & Mutations

You have an increased reservoir of magic. (+10% MP)
You shall have no god before yourself.
Your divine heritage dramatically boosts your attributes as you level up.


   Skills:
 - Level 2.0 Fighting
 - Level 1.7 Dodging
 - Level 1.7 Stealth
 - Level 4.0 Spellcasting
 - Level 8.0 Conjurations
 - Level 6.0 Hexes
 + Level 4.2 Summonings
 - Level 6.0 Translocations
 - Level 0.5 Fire Magic
 - Level 2.0 Evocations


You had 3 spell levels left.
You knew the following spells:

 Your Spells              Type           Power      Damage    Failure   Level
f - Fulminant Prism       Conj/Hex       28%        3d13      1%          4
m - Magic Dart            Conj           100%       1d8       1%          1
s - Searing Ray           Conj           100%       2d8       1%          2
B - Blink                 Tloc           100%       N/A       1%          2
X - Iskenderun's Mystic   Conj/Tloc      57%        2d12      1%          4

Your spell library contained the following spells:

 Spells                   Type           Power      Damage    Failure   Level
 Shock                    Conj/Air       100%       1d9       1%          1
 Ensorcelled Hibernation  Hex/Ice        60%        N/A       1%          2
 Momentum Strike          Conj/Tloc      100%       3d10      1%          2
 Dazzling Flash           Conj/Hex       100%       N/A       1%          3
 Lesser Beckoning         Tloc           100%       N/A       1%          3
 Inner Flame              Hex/Fire       32%        N/A       3%          3
 Kindle Blastsparks       Fire/Tloc/Air  48%        2d14      4%          3
 Passwall                 Tmut/Erth      5%         N/A       5%          2
 Spider Form              Tmut/Pois      7%         N/A       11%         3
 Swiftness                Air            7%         N/A       11%         3
 Cause Fear               Hex            26%        N/A       3%          4
 Manifold Assault         Tloc           52%        N/A       3%          4
 Anguish                  Hex/Necr       15%        N/A       11%         4
 Summon Forest            Summ/Tloc      23%        N/A       13%         5
 Airstrike                Air            3%         2d(1-17)  36%         4
 Dispersal                Tloc           26%        N/A       43%         6
 Lee's Rapid Deconstruct  Erth           3%         3d5*      71%         5
 Eringya's Noxious Bog    Tmut/Pois      3%         N/A       99%         6
 Summon Hydra             Summ           19%        N/A       99%         7
 Discord                  Hex            26%        N/A       100%        8
 Disjunction              Tloc           26%        N/A       100%        8

Inventory:

Missiles
 r - 17 poisoned darts
Armour
 i - a +0 robe of fire resistance (worn)
 n - a +0 cloak (worn)
 p - a +0 helmet (worn)
 C - a +0 kite shield
 E - a +0 pair of gloves
Magical Staves
 d - a staff of death {!a}
 v - a staff of fire {!a}
Jewellery
 F - a ring of fire
 I - a +6 ring of intelligence (left hand)
 L - a ring of flight
Wands
 s - a wand of light (9)
 D - a wand of paralysis (6)
Scrolls
 e - a scroll of torment {unknown}
 g - 3 scrolls of amnesia {unknown}
 h - 3 scrolls of identify {unknown}
 j - 4 scrolls of teleportation {unknown}
 l - 2 scrolls of summoning {unknown}
 o - a scroll of vulnerability {unknown}
 t - a scroll of magic mapping {unknown}
 u - a scroll of noise {unknown}
 y - a scroll of enchant armour {unknown}
Potions
 a - 3 potions of haste {unknown}
 b - a potion of invisibility {unknown}
 c - 4 potions of brilliance {unknown}
 f - 4 potions of flight {unknown}
 k - a potion of mutation {unknown}
 m - a potion of berserk rage {unknown}
 q - 2 potions of degeneration {unknown}
 w - a potion of attraction {unknown}
 x - a potion of curing {unknown}
 z - a potion of might {unknown}
 A - a potion of lignification {unknown}
 B - a potion of cancellation {unknown}

Dungeon Overview and Level Annotations

Branches:
Dungeon (8/15)             Temple (0/1) D:5
   Lair: D:8-11

Shops:
D:5 (

Annotations:
D:5 exclusion: acid dragon
D:7 1 runed translucent door, Crazy Yiuf

..## #. #. #
▒#....# ..#...
.▒.#..# #.#.#.
.#..### #.#.#.
▒..#..# #...#.##
▒▒.#..#▒##...##.#
▒.....▒.▒..#..#.##
..8.8.....###....##
▒.....▒.▒..#..#.@.#
▒▒.#..#▒##...##.#.#
.▒..#..# #...#.##.#
▒.#..###
#.#.#.#Tc.......
.▒.#..#
#.#.#.#........'
▒#....#
..#...#........#
##...##
#..#..##........#
#...#.#
#....###........#
#....## .##..#
#........#


You could see a centaur.


Message History

The centaur wields a +2 shortbow of electrocution.
You hear the crackle of electricity.
The centaur shoots an arrow.
The arrow misses you.
The centaur shoots an arrow.
The arrow hits you!
The centaur shoots an arrow.
The arrow hits you!
The centaur unwields a +2 shortbow of electrocution.
It stops crackling.
The centaur wields a +0 halberd.
The centaur barely misses you. x4
Casting: Searing Ray (safe; 1% risk of failure)
Confirm with . or Enter, or press ? or * to list all spells.
Aiming: Searing Ray (safe; 1% risk of failure)
Press: ? - help, Shift-Dir - straight line, f - centaur
Aim: a centaur, wielding a +0 halberd (90% to hit)
The searing ray hits the centaur!
The centaur is moderately wounded.
The searing ray hits the troll.
The troll is lightly wounded. (Press . to maintain the ray.)
The centaur hits you with a +0 halberd!
* * * LOW HITPOINT WARNING * * *
The centaur closely misses you. The centaur closely misses you.
The centaur unwields a +0 halberd.
The centaur wields a +2 shortbow of electrocution.
You hear the crackle of electricity.
The centaur shoots an arrow.
The arrow hits you.
* * * LOW HITPOINT WARNING * * *
You are electrocuted!
* * * LOW HITPOINT WARNING * * *
The centaur shoots an arrow.
The arrow hits you!
You die...

Skill      XL: |  1  2  3  4  5  6  7  8  9 |
---------------+----------------------------+-----
Spellcasting   | 2 3 4 |  4.0
Conjurations   | 4 6 8 |  8.0
Translocations | 1 3 5 6 |  6.0
Hexes          | 2 4 6 |  6.0
Fighting       | 2 |  2.0
Evocations     | 2 |  2.0
Summonings     | 4 |  4.2
Dodging        | |  1.7
Stealth        | |  1.7
Fire Magic     | |  0.5

Action                   |  1- 3 |  4- 6 |  7- 9 || total
-------------------------+-------+-------+-------++-------
Melee: Unarmed           |       |     1 |    11 ||    12
 Cast: Magic Dart        |    84 |    84 |   135 ||   303
       Searing Ray       |     5 |     9 |    16 ||    30
       Iskenderun's Myst |       |     4 |    41 ||    45
       Fulminant Prism   |       |     1 |     8 ||     9
  Use: Potion            |       |       |     1 ||     1
Armor: Robe              |     2 |     4 |    24 ||    30
Dodge: Dodged            |    13 |     8 |    66 ||    87

Levels and vault maps discovered:
D:1:      dpeg_arrival_houses_and_road, layout_basic,
          dilly_ecumenical_altar_fadedgnrine
D:2:      layout_basic, minmay_rat_gold_closets
D:3:      layout_loops_cross, grunt_temple_overflow_open,
          mainiacjoe_overflow_tiny_flanked, uniq_grinder
D:4:      layout_layer_cave
D:5:      layout_gridville, minmay_temple_entry_statues_pillars, serial_shops,
          nicolae_shop_trees, minmay_misc_feat_five
D:6:      layout_loops_ring
D:7:      layout_basic, reono_crystal_passage, uniq_joseph,
          uniq_crazy_yiuf_cottage
D:8:      wad_crossroads, layout_basic, amcnicky_mini_pool_small

Notes
Turn   | Place    | Note
-------+----------+-------------------------------------------
     0 | D:1      | Jackthecabe the Demigod Conjurer began the quest for the
                  | Orb.
     0 | D:1      | Reached XP level 1. HP: 14/14 MP: 5/5
   105 | D:1      | Reached skill level 2 in Spellcasting
   221 | D:1      | Reached XP level 2. HP: 20/20 MP: 2/7
   276 | D:1      | Learned a level 2 spell: Searing Ray
   641 | D:1      | Reached skill level 4 in Conjurations
  1092 | D:2      | Reached XP level 3. HP: 26/26 MP: 3/9
  2028 | D:2      | Reached skill level 3 in Spellcasting
  2028 | D:2      | Reached XP level 4. HP: 33/33 MP: 7/11
  2183 | D:2      | Learned a level 4 spell: Iskenderun's Mystic Blast
  3009 | D:3      | Noticed Grinder
  3009 | D:3      | Paralysed by Grinder for 3 turns
  3027 | D:3      | Killed Grinder
  3028 | D:3      | Reached skill level 6 in Conjurations
  3028 | D:3      | Reached skill level 1 in Translocations
  3028 | D:3      | Reached XP level 5. HP: 27/38 MP: 3/12
  3028 | D:3      | Reached XP level 6. HP: 32/45 MP: 3/13
  3104 | D:3      | Learned a level 4 spell: Fulminant Prism
  3542 | D:4      | Reached skill level 2 in Translocations
  4092 | D:4      | Reached skill level 1 in Hexes
  4376 | D:4      | Reached skill level 2 in Hexes
  4627 | D:4      | Reached skill level 3 in Translocations
  5152 | D:5      | Entered Level 5 of the Dungeon
  5239 | D:5      | Noticed an acid dragon
  5265 | D:5      | Reached XP level 7. HP: 50/50 MP: 4/14
  5372 | D:5      | Found a staircase to the Ecumenical Temple.
  5548 | D:5      | Found Ruajese's Weapon Shoppe.
  5778 | D:5      | Reached skill level 3 in Hexes
  6217 | D:4      | Reached skill level 4 in Translocations
  6386 | D:6      | Reached skill level 4 in Hexes
  6928 | D:6      | Reached skill level 5 in Translocations
  6999 | D:6      | Reached XP level 8. HP: 57/57 MP: 5/15
  7102 | D:6      | Reached skill level 5 in Hexes
  7681 | D:6      | Reached skill level 6 in Translocations
  8205 | D:7      | Learned a level 2 spell: Blink
  8244 | D:7      | Reached skill level 6 in Hexes
  8244 | D:7      | Reached skill level 1 in Fighting
  8325 | D:7      | Reached skill level 2 in Fighting
  8531 | D:7      | Reached skill level 1 in Evocations
  8711 | D:7      | Noticed Joseph
  8734 | D:7      | Killed Joseph
  8735 | D:7      | Reached skill level 2 in Evocations
  8735 | D:7      | Reached skill level 4 in Spellcasting
  8920 | D:7      | Reached XP level 9. HP: 67/67 MP: 8/18
  9331 | D:7      | Found a runed translucent door.
  9332 | D:7      | Noticed Crazy Yiuf
  9708 | D:8      | Noticed a kobold demonologist
  9711 | D:8      | Reached skill level 7 in Conjurations
  9711 | D:8      | Killed a kobold demonologist
  9861 | D:8      | Reached skill level 8 in Conjurations
 10080 | D:8      | Identified the +8 chain mail of Gravity {rF+}
 10121 | D:8      | Reached skill level 1 in Summonings
 10125 | D:8      | Reached skill level 3 in Summonings
 10128 | D:8      | Reached skill level 4 in Summonings
 10354 | D:8      | Shot with an arrow by a centaur

Vanquished Creatures
  Joseph (D:7)
  A kobold demonologist (D:8)
  Grinder (D:3)
  5 yaks (D:8)
  4 ice beasts
  3 sky beasts
  3 ogres
  A centaur (D:8)
  A kobold brigand (D:8)
  2 phantoms
  2 necrophages (D:6)
  4 wights (D:7)
  A howler monkey (D:6)
  A jelly (D:6)
  3 hounds
  An orc priest (D:4)
  2 gnoll boudas
  An iguana (D:7)
  4 orc wizards
  16 gnolls
  8 adders
  A white imp (D:6)
  2 ufetubi (D:5)
  A worm (D:2)
  4 dart slugs
  16 orcs
  A bat (D:1)
  11 endoplasms
  7 giant cockroaches
  7 goblins
  4 hobgoblins
  4 jackals
  12 kobolds
  3 quokkas
  6 ball pythons
  3 frilled lizards (D:2)
  15 rats
162 creatures vanquished.

Vanquished Creatures (others)
  An orc wizard (D:4)
  9 fulminant prisms
10 creatures vanquished.

Grand Total: 172 creatures vanquished

Table legend: (Time is in decaauts)
 A = Elapsed time spent in this place.
 B = Non-inter-level travel time spent in this place.
 C = Inter-level travel time spent in this place.
 D = Time resting spent in this place.
 E = Time spent auto-exploring this place.
 F = Levels seen in this place.
 G = Mean time per level.
                   A        B        C        D        E       F      G
               +--------+--------+--------+--------+--------+-----+--------+
         Total |  10358 |  10053 |    305 |   2195 |   6545 |   8 | 1294.8 |
       Dungeon |  10358 |  10053 |    305 |   2195 |   6545 |   8 | 1294.8 |
               +--------+--------+--------+--------+--------+-----+--------+

Top non-repeatable levels by time:
     D:4: 2043 daAuts
     D:7: 1833 daAuts
     D:6: 1565 daAuts
     D:2: 1322 daAuts
     D:5: 1129 daAuts
     D:1: 1093 daAuts
     D:3: 989 daAuts
     D:8: 380 daAuts

Table legend:
 A = Non-vault XP
 B = Vault XP
 C = Vault XP percentage of total XP
 D = Non-vault monster count
 E = Vault monster count
 F = Vault count percentage of total count
                 A         B        C        D         E       F
            +---------+---------+-------+---------+---------+-------
      Total |    4604 |     783 |  14.5 |     152 |      11 |   6.7
            +---------+---------+-------+---------+---------+-------
        D:1 |      37 |       0 |   0.0 |      17 |       0 |   0.0
        D:2 |      93 |       9 |   8.8 |      25 |       9 |  26.5
        D:3 |      44 |     281 |  86.5 |      17 |       1 |   5.6
        D:4 |     450 |       0 |   0.0 |      24 |       0 |   0.0
        D:5 |     314 |       0 |   0.0 |      13 |       0 |   0.0
        D:6 |    1131 |       0 |   0.0 |      22 |       0 |   0.0
        D:7 |     868 |     493 |  36.2 |      17 |       1 |   5.6
        D:8 |    1667 |       0 |   0.0 |      17 |       0 |   0.0
            +---------+---------+-------+---------+---------+-------
